 Dungeon Crawl Stone Soup version 0.23.2-1-ga50397a6bc (webtiles) character file.

Game seed: 4515625588709796534

211 MachJacob the Skirmisher (level 5, -7/34 HPs)
             Began as a Gargoyle Fighter on Apr 18, 2019.
             Killed by divine providence
             ... invoked by an orc priest
              (10 damage)
             ... on level 4 of the Dungeon.
             The game lasted 00:14:12 (2764 turns).

MachJacob the Skirmisher (Gargoyle Fighter)         Turns: 2764, Time: 00:14:12

Health: -7/34      AC: 12    Str: 21    XL:     5   Next: 88%
Magic:  5/5        EV:  7    Int:  8    God:
Gold:   129        SH:  9    Dex:  9    Spells: 4/4 levels left

rFire    . . .     SeeInvis .   a - +0 flail
rCold    . . .     Gourm    .   c - +0 shield
rNeg     + . .     Faith    .   b - +0 scale mail
rPois    ∞         Spirit   .   (no helmet)
rElec    +         Reflect  .   m - +0 cloak
rCorr    .         Harm     .   (no gloves)
MR       .....                  (no boots)
Stlth    ..........             (no amulet)
HPRegen  0.11/turn              (no ring)
MPRegen  0.09/turn              (no ring)

@: no status effects
A: negative energy resistance 1, electricity resistance, unbreathing,
petrification resistance, rot immunity, AC +4
a: no special abilities


You were on level 4 of the Dungeon.
You were not hungry.

You visited 1 branch of the dungeon, and saw 4 of its levels.

You collected 129 gold pieces.

Inventory:

Hand Weapons
 a - a +0 flail (weapon)
Armour
 b - a +0 scale mail (worn)
 c - a +0 shield (worn)
 m - a +0 cloak (worn)
Wands
 t - a wand of flame (29)
Scrolls
 e - a scroll of identify {unknown}
 g - a scroll of remove curse
 h - a scroll of fear {unknown}
 k - 2 scrolls of enchant weapon {unknown}
 l - a scroll of magic mapping
 n - 2 scrolls of immolation {unknown}
 q - 2 scrolls of teleportation
 s - a scroll of noise {unknown}
 u - 2 scrolls of enchant armour {unknown}
Potions
 d - 2 potions of might
 j - a potion of cancellation {unknown}
 o - a potion of magic {unknown}
 p - a potion of agility {unknown}
 r - a potion of mutation {unknown}
Comestibles
 f - 5 rations
 i - 7 chunks of flesh


   Skills:
 + Level 4.3 Fighting
 * Level 3.9 Maces & Flails
 + Level 4.3 Armour
 + Level 4.2 Shields


You had 4 spell levels left.
You didn't know any spells.
Your spell library was empty.

Dungeon Overview and Level Annotations

Branches:
Dungeon (4/15)
 Temple: D:4-7

Altars:
Gozag
Qazlal
Sif Muna

Annotations:
D:4 Eustachio


Innate Abilities, Weirdness & Mutations

You are resistant to torment.
Your stone body is resilient. (AC +4)
You are immune to poison.
You resist negative energy. (rN+)
You are resistant to electric shocks. (rElec)
You can survive without breathing.
You are immune to petrification.
You are immune to rotting.


Message History

The orc priest calls upon Beogh to heal the orc wizard.
The orc wizard is healed somewhat.
The orc wizard looks braver for a moment.
You hit the orc wizard.
The orc wizard is severely wounded.
The orc hits you but does no damage. The orc wizard barely misses you.
The orc priest invokes the aid of Beogh against you.
Beogh smites you!
* * * LOW HITPOINT WARNING * * *
The orc wizard begins to cast a cantrip, but forgets the words!
The orc hits you but does no damage.
The orc priest looks braver for a moment.
There is a stone staircase leading up here.
The orc wizard points at you and mumbles some strange words.
The magic dart hits you.
* * * LOW HITPOINT WARNING * * *
You block the orc's attack.
The orc priest calls down the wrath of Beogh upon you.
Beogh smites you!
You die...

####....# #.#..........
#.......# #............
#.......# #............
#....<..# #............
........####............
#.....................%.
.......##..###..........
###....#8..8##..........
##.#..........@o#######..
...#....>......o.o.......
#######8..8#...###'####..
##..##..#8...#
##.....#...#...o#
.....#o.. #...#
......'.#. #.##
#.....##.# #.' ... . .#.


You could see an orc priest, an orc wizard and an orc.

Vanquished Creatures
  A big kobold (D:3)
  A worker ant (D:4)
  4 adders
  An ooze (D:4)
  A worm (D:3)
  3 dart slugs
  2 leopard geckos
  2 orcs (D:3)
  6 bats
  4 giant cockroaches
  5 goblins
  5 hobgoblins
  3 jackals (D:2)
  7 kobolds
  A quokka (D:2)
  7 frilled lizards
  A quokka skeleton (D:4)
  13 rats
  A bush (D:2)
68 creatures vanquished.

Notes
Turn   | Place    | Note
-------+----------+-------------------------------------------
     0 | D:1      | MachJacob the Gargoyle Fighter began the quest for the Orb.
     0 | D:1      | Reached XP level 1. HP: 14/14 MP: 1/1
   458 | D:1      | Reached XP level 2. HP: 19/19 MP: 2/2
   840 | D:2      | Reached XP level 3. HP: 21/23 MP: 3/3
  1670 | D:2      | Reached XP level 4. HP: 27/29 MP: 4/4
  2094 | D:3      | Found an opulent altar of Gozag.
  2260 | D:3      | Found a stormy altar of Qazlal.
  2264 | D:4      | Noticed a big kobold
  2264 | D:4      | Noticed an ice beast
  2304 | D:3      | Found a deep blue altar of Sif Muna.
  2582 | D:4      | Noticed Eustachio
  2621 | D:4      | Reached XP level 5. HP: 33/33 MP: 5/5
  2701 | D:3      | Killed a big kobold
  2764 | D:4      | Killed from afar by an orc priest

Skill      XL: |  1  2  3  4 |
---------------+-------------+-----
Maces & Flails | 3 |  3.9
Fighting       | 4 |  4.3
Armour         | 4 |  4.3
Shields        | 4 |  4.2

Action                   |  1- 3 |  4- 6 || total
-------------------------+-------+-------++-------
Melee: Flail             |   214 |   129 ||   343
  Use: Scroll            |       |     3 ||     3
  Eat: Chunk             |     3 |     4 ||     7
Armor: Scale mail        |    91 |    76 ||   167
Dodge: Dodged            |    39 |    51 ||    90
Block: Shield            |    82 |    83 ||   165
